 Dungeon Crawl Stone Soup version 0.22.1-1-ga44c0e56f4 (webtiles) character file.

210 Peloso the Covered (level 5, -7/46 HPs)
             Began as a Minotaur Fighter on Oct 27, 2018.
             Mangled by an ogre
             ... wielding a +0 giant club
              (13 damage)
             ... on level 4 of the Dungeon.
             The game lasted 00:03:59 (2370 turns).

Peloso the Covered (Minotaur Fighter)               Turns: 2370, Time: 00:04:00

Health: -7/46      AC: 11    Str: 20    XL:     5   Next: 57%
Magic:  4/4        EV:  6    Int:  5    God:
Gold:   123        SH:  9    Dex: 11    Spells: 4/4 levels left

rFire    . . .     SeeInvis .   a - +0 long sword
rCold    . . .     Gourm    .   c - +0 shield
rNeg     . . .     Faith    .   b - +0 chain mail
rPois    .         Spirit   .   (helmet restricted)
rElec    .         Reflect  .   (no cloak)
rCorr    .         Harm     .   u - +0 pair of gloves
MR       .....                  (no boots)
Stlth    ..........             (no amulet)
HPRegen  0.15/turn              (no ring)
MPRegen  0.09/turn              (no ring)

@: no status effects
A: retaliatory headbutt, horns 2
a: no special abilities


You were on level 4 of the Dungeon.
You were not hungry.

You visited 1 branch of the dungeon, and saw 4 of its levels.

You collected 123 gold pieces.

Inventory:

Hand Weapons
 a - a +0 long sword (weapon)
Armour
 b - a +0 chain mail (worn)
 c - a +0 shield (worn)
 u - a +0 pair of gloves (worn)
Scrolls
 g - a scroll of remove curse {unknown}
 i - 2 scrolls of fog {unknown}
 j - 2 scrolls of enchant armour {unknown}
 l - a scroll of magic mapping {unknown}
 n - a scroll of enchant weapon {unknown}
 o - 2 scrolls of identify {unknown}
 p - a scroll of noise {unknown}
 q - 2 scrolls of amnesia {unknown}
 r - 2 scrolls of teleportation {unknown}
 v - a scroll of fear {unknown}
Potions
 d - 2 potions of might
 e - a potion of brilliance {unknown}
 h - 5 potions of flight {unknown}
 k - a potion of heal wounds {unknown}
 m - 2 potions of curing {unknown}
 s - 2 potions of agility {unknown}
 t - a potion of mutation {unknown}
Comestibles
 f - 6 rations
 w - a chunk of flesh


   Skills:
 + Level 4.3 Fighting
 + Level 4.7 Long Blades
 + Level 5.1 Armour
 + Level 0.8 Dodging
 + Level 4.5 Shields


You had 4 spell levels left.
You didn't know any spells.
Your spell library was empty.

Dungeon Overview and Level Annotations

Branches:
Dungeon (4/15)
 Temple: D:4-7

Altars:
Ashenzari
Fedhas
Nemelex Xobeh
Sif Muna
Vehumet


Innate Abilities, Weirdness & Mutations

You reflexively headbutt those who attack you in melee.
You have a pair of horns on your head.


Message History

You closely miss the ogre. The ogre hits you but does no damage.
You hit the ogre. You headbutt the ogre.
The ogre is moderately wounded.
You block the ogre's attack.
You slash the ogre!
The ogre is severely wounded.
The ogre hits you but does no damage.
You hit the ogre but do no damage.
The ogre is severely wounded.
The ogre hits you with a giant club!
You barely miss the ogre.
The ogre is severely wounded.
You hit the ogre.
The ogre is severely wounded.
The ogre hits you with a giant club!
* * * LOW HITPOINT WARNING * * *
You slash the ogre!
The ogre is almost dead.
You block the ogre's attack. The ogre hits you with a giant club!
You die...

####### #.....#
#.....# #.....#
#.....#
#.....################
#...<@O...............
#.....################
#######


You could see an ogre.

Vanquished Creatures
  An ogre (D:4)
  A hound skeleton (D:4)
  4 gnolls
  3 worms
  3 dart slugs
  6 orcs (D:3)
  4 ball pythons
  4 giant cockroaches
  4 goblins
  6 hobgoblins
  A quokka (D:3)
  6 bats
  5 frilled lizards
  7 kobolds
  A leopard gecko skeleton (D:3)
  11 rats
67 creatures vanquished.

Notes
Turn   | Place    | Note
-------+----------+-------------------------------------------
     0 | D:1      | Peloso the Minotaur Fighter began the quest for the Orb.
     0 | D:1      | Reached XP level 1. HP: 19/19 MP: 0/0
    54 | D:1      | Reached skill level 4 in Armour
   114 | D:1      | Reached XP level 2. HP: 27/27 MP: 1/1
   877 | D:2      | Reached XP level 3. HP: 31/33 MP: 2/2
  1150 | D:2      | Reached XP level 4. HP: 33/40 MP: 3/3
  1390 | D:2      | Found a deep blue altar of Sif Muna.
  1390 | D:2      | Found a blossoming altar of Fedhas.
  1395 | D:2      | Found a sparkling altar of Nemelex Xobeh.
  1399 | D:2      | Found a shattered altar of Ashenzari.
  1400 | D:2      | Found a radiant altar of Vehumet.
  2271 | D:4      | Noticed an ogre
  2282 | D:4      | Killed an ogre
  2282 | D:4      | Reached skill level 5 in Armour
  2282 | D:4      | Reached XP level 5. HP: 22/46 MP: 4/4
  2332 | D:4      | Noticed an ogre
  2370 | D:4      | Mangled by an ogre

Skill      XL: |  1  2  3  4 |
---------------+-------------+-----
Armour         | 4 5 |  5.1
Shields        | 4 |  4.5
Long Blades    | 3 4 |  4.7
Fighting       | 4 |  4.3
Dodging        | |  0.8

Action                   |  1- 3 |  4- 6 || total
-------------------------+-------+-------++-------
Melee: Long sword        |   101 |    88 ||   189
       Headbutt          |     9 |    13 ||    22
  Eat: Chunk             |     1 |     4 ||     5
Armor: Scale mail        |    59 |    10 ||    69
       Chain mail        |       |    18 ||    18
Dodge: Dodged            |    37 |    14 ||    51
Block: Shield            |    60 |    46 ||   106
       Rpst.: Long sword |    13 |     6 ||    19
